 Dungeon Crawl Stone Soup version 0.30-b1-2-g02819fbbbe (webtiles) character file.

Game seed: 16500293857959725691

22929 Dirian the Carver (level 12, -8/103 HPs)
             Began as a Minotaur Monk on May 11, 2023.
             Was an Elder of Zin.
             Killed by divine providence
             ... invoked by an orc priest
              (15 damage)
             ... on level 12 of the Dungeon.
             The game lasted 00:27:19 (11598 turns).

Dirian the Carver (Minotaur Monk)                  Turns: 11598, Time: 00:27:20

Health: -8/103     AC:  6    Str: 23    XL:     12   Next: 67%
Magic:  17/17      EV: 11    Int: 10    God:    Zin [****..]
Gold:   415        SH:  0    Dex: 17    Spells: 11/11 levels left

rFire   . . .        a - +3 scimitar
rCold   . . .        v - orb {light}
rNeg    . . .        g - +3 scale mail {rPois}
rPois   ∞            J - +1 hat {SInv}
rElec   .            A - +0 cloak
rCorr   .            i - +0 pair of gloves
SInv    +            e - +0 pair of boots
Will    +....        M - amulet of regeneration Stlth
                     f - ring of willpower
HPRegen 1.17/turn    m - ring of poison resistance
MPRegen 0.15/turn

%: no passive effects
@: vitalised, corroded, on recite cooldown, glowing
A: horns 2, retaliatory headbutt, iridescent scales 1, frail 1
a: Renounce Religion, Recite, Vitalisation, Imprison, Donate Gold


You were on level 12 of the Dungeon.
You worshipped Zin.
Zin was greatly pleased with you.
You visited 2 branches of the dungeon, and saw 13 of its levels.

You collected 795 gold pieces.
You spent 301 gold pieces at shops.
You donated 79 gold pieces to Zin.

Inventory:

Hand Weapons
 a - a +3 scimitar (weapon)
 b - a +0 morningstar
 y - a +2 vampiric scimitar
Armour
 e - a +0 pair of boots (worn)
 g - a +3 scale mail of poison resistance (worn)
 i - a +0 pair of gloves (worn)
 v - an orb of light (worn)
 A - a +0 cloak (worn)
 H - a +0 buckler
 J - a +1 hat of see invisible (worn)
Jewellery
 f - a ring of willpower (left hand)
 m - a ring of poison resistance (right hand)
 o - a +6 ring of strength
 I - a ring of flight
 M - an amulet of regeneration (around neck)
Wands
 u - a wand of mindburst (18)
 z - a wand of paralysis (4)
 C - a wand of quicksilver (2)
 L - a wand of roots (11)
Scrolls
 k - 2 scrolls of fear
 p - a scroll of fog
 r - a scroll of identify
 s - 2 scrolls of immolation
 t - 2 scrolls of teleportation
 x - 2 scrolls of magic mapping
 F - a scroll of poison
 N - 2 scrolls of silence
Potions
 c - 2 potions of ambrosia
 d - 4 potions of might
 h - a potion of haste
 j - 3 potions of mutation
 l - a potion of invisibility {unknown}
 n - 2 potions of resistance
 q - 6 potions of curing
 w - 2 potions of heal wounds
 B - 2 potions of magic
 D - a potion of attraction
 G - 2 potions of brilliance
 K - 2 potions of flight


   Skills:
 + Level 13.2 Fighting
 + Level 13.4 Long Blades
 + Level 9.3 Armour
 - Level 3.2 Dodging
 + Level 10.6 Shields
 + Level 8.6 Invocations


You had 11 spell levels left.
You didn't know any spells.
Your spell library contained the following spells:

 Spells                   Type           Power      Damage    Failure   Level
 Summon Ice Beast         Ice/Summ       0%         N/A       100%        4
 Summon Mana Viper        Hex/Summ       0%         N/A       100%        5
 Monstrous Menagerie      Summ           0%         N/A       100%        7


Dungeon Overview and Level Annotations

Branches:
Dungeon (12/15) Zot: 26831  Temple (1/1) D:6 Zot: 5862    Lair (0/5) D:10
    Orc: D:9-12

Altars:
Cheibriados
Dithmenos
Elyvilon
Gozag
Hepliaklqana
Kikubaaqudgha
Ru
Sif Muna
Trog
Uskayaw
Xom
Zin
The Shining One

Shops:
D:3 [   D:6 ((!

Annotations:
D:8 1 runed translucent door, asdfasdf's ghost, novice HOFi
D:11 3 runed translucent doors, Vugaxizu's ghost, journeyman GnHs


Innate Abilities, Weirdness & Mutations

You have a pair of horns on your head.
You reflexively headbutt those who attack you in melee.
You are partially covered in iridescent scales. (AC +2)
You are frail. (-10% HP)


Message History

The orc priest hits you but does no damage.
The acid dragon spits acid at you. The splash of acid hits you!!
* * * LOW HITPOINT WARNING * * *
The acid corrodes you!
You hear an angry hiss.
You hit the acid dragon but do no damage.
The acid dragon is severely wounded.
The orc warrior barely misses you. The acid dragon barely misses you.
You furiously retaliate!
You headbutt the acid dragon!
You kill the acid dragon!
The orc priest hits you but does no damage.
A komodo dragon comes into view.
You hit the orc priest.
You kill the orc priest!
The orc warrior hits you with a +0 short sword.
* * * LOW HITPOINT WARNING * * *
The centaur misses you. The centaur kicks you.
* * * LOW HITPOINT WARNING * * *
The orc warrior attacks as you move away!
The orc warrior hits you with a +0 hand axe.
* * * LOW HITPOINT WARNING * * *
The centaur closely misses the orc warrior.
The centaur kicks the orc warrior but does no damage.
The orc warrior attacks as you move away!
The orc warrior barely misses you.
The centaur chortles and stares into space.
There is an open door here.
The orc warrior attacks as you move away!
The orc warrior closely misses you. You furiously retaliate!
You headbutt the orc warrior, but do no damage.
The orc priest invokes the aid of Beogh against you.
Beogh smites you!
* * * LOW HITPOINT WARNING * * *
As you read the scroll of summoning, it crumbles to dust.
Wisps of shadow whirl around you...
The centaur wonders, "What am I doing in here?"
The orc priest calls down the wrath of Beogh upon you.
Beogh smites you!
You die...

#...........#.......#
#...........#.......#
#...........#.......#
#...........'.......+
#...........#.......#
#...........#########
#...######..#.......###
#...# #.e#..........
#...######.@#..........
#.......))).oo..o......
#..........H#...)......
#......)....#..........
#...........#..c†l.....
#...........#..........
#......#....+.......##.
#....).#....#.......#
#...........#.......#


You could see a komodo dragon, 2 orc warriors, a centaur (confused), an orc
priest, a friendly manticore (summoned) and a friendly deep elf pyromancer
(summoned).

Vanquished Creatures
  A boulder beetle (D:11)
  2 two-headed ogres
  Pikel (D:9)
  2 ugly things
  A manticore (D:11)
  A gargoyle (D:11)
  An unseen horror (D:8)
  3 trolls
  A polar bear (D:8)
  4 wraiths
  A shadow (D:9)
  25 yaks
  Eustachio (D:4)
  3 vampire mosquitoes (D:12)
  2 steam dragons
  3 acid dragons
  A warg (D:9)
  2 water moccasins
  A black bear (D:7)
  5 ice beasts
  A sky beast (D:6)
  5 orc warriors
  2 ogres
  6 centaurs
  A wolf (D:8)
  2 phantoms (D:5)
  A lemure (D:9)
  A kobold brigand (D:9)
  6 bullfrogs
  A gnoll sergeant (D:12)
  A scorpion (D:6)
  11 wights
  5 killer bees (D:10)
  3 howler monkeys
  4 crimson imps (D:6)
  2 jellies (D:7)
  6 orc priests
  2 gnoll boudas
  6 hounds
  Terence (D:3)
  5 iguanas
  9 orc wizards
  11 gnolls
  4 adders
  A shadow imp (D:8)
  7 white imps
  4 ufetubi
  A worm (D:4)
  3 dart slugs
  37 orcs
  6 bats
  7 endoplasms
  A giant cockroach (D:4)
  9 goblins
  8 hobgoblins
  2 jackals (D:3)
  9 kobolds
  6 quokkas
  4 ball pythons
  2 frilled lizards
  3 rats
  A spectral orc (D:9)
268 creatures vanquished.

Vanquished Creatures (others)
  3 plants (D:11)
3 creatures vanquished.

Grand Total: 271 creatures vanquished

Notes
Turn   | Place    | Note
-------+----------+-------------------------------------------
     0 | D:1      | Dirian the Minotaur Monk began the quest for the Orb.
     0 | D:1      | Reached XP level 1. HP: 19/19 MP: 0/0
   286 | D:1      | Reached XP level 2. HP: 27/27 MP: 1/1
   356 | D:1      | Reached skill level 1 in Armour
   968 | D:2      | Reached XP level 3. HP: 31/33 MP: 2/2
  1588 | D:3      | Found Fesezek's Armour Boutique.
  1606 | D:3      | Noticed Terence
  1616 | D:3      | Gained mutation: You are partially covered in iridescent
                  | scales. (AC +2) [potion of mutation]
  1616 | D:3      | Gained mutation: You are frail. (-10% HP) [potion of
                  | mutation]
  1619 | D:3      | Killed Terence
  1620 | D:3      | Reached XP level 4. HP: 4/36 MP: 3/3
  2030 | D:3      | Found a sacrificial altar of Ru.
  2254 | D:4      | Noticed a centaur
  2261 | D:4      | Killed a centaur
  2262 | D:4      | Reached skill level 5 in Long Blades
  2262 | D:4      | Reached XP level 5. HP: 34/42 MP: 4/4
  2385 | D:4      | Reached skill level 5 in Fighting
  2617 | D:4      | Noticed Eustachio
  2642 | D:4      | Killed Eustachio
  2643 | D:4      | Reached XP level 6. HP: 36/50 MP: 5/5
  2740 | D:4      | Found an ancient bone altar of Kikubaaqudgha.
  2896 | D:4      | Reached XP level 7. HP: 19/54 MP: 6/6
  3224 | D:5      | Entered Level 5 of the Dungeon
  3256 | D:5      | Reached skill level 5 in Armour
  4022 | D:5      | Reached XP level 8. HP: 63/63 MP: 7/7
  4254 | D:5      | Found an opulent altar of Gozag.
  4340 | D:6      | Found a snail-covered altar of Cheibriados.
  4489 | D:6      | Found a staircase to the Ecumenical Temple.
  4517 | Temple   | Entered the Ecumenical Temple
  4632 | Temple   | Became a worshipper of Zin the Law-Giver
  4632 | Temple   | Reached * piety under Zin
  4632 | Temple   | Reached ** piety under Zin
  4632 | Temple   | Reached *** piety under Zin
  4670 | D:6      | Found Iheesosa's Antique Weapon Shop.
  4675 | D:6      | Bought a glowing scimitar for 161 gold pieces
  4765 | D:6      | Reached skill level 10 in Long Blades
  4961 | D:6      | Found Fomodongiu's Weapon Shoppe.
  5021 | D:6      | Found Vacaotask's Distillery.
  5026 | D:6      | Bought a potion of haste for 140 gold pieces
  5056 | D:6      | Found a shimmering altar of Xom.
  5334 | D:7      | Reached XP level 9. HP: 38/71 MP: 6/8
  5531 | D:7      | Found a shadowy altar of Dithmenos.
  5547 | D:7      | Reached skill level 1 in Invocations
  5976 | D:7      | Reached **** piety under Zin
  6427 | D:8      | Noticed asdfasdf's ghost (novice HOFi)
  6427 | D:8      | Found a runed translucent door.
  6511 | D:8      | Found a bloodstained altar of Trog.
  6606 | D:8      | Noticed a polar bear
  6619 | D:8      | Killed a polar bear
  6626 | D:8      | Reached skill level 5 in Invocations
  6633 | D:8      | Reached XP level 10. HP: 44/80 MP: 12/12
  6913 | D:8      | Reached skill level 10 in Fighting
  7397 | D:8      | Noticed a cyclops
  7398 | D:8      | Noticed a skeletal warrior
  7509 | D:8      | HP: 3/85 [skeletal warrior/+0 trident (7)]
  7510 | D:8      | Zin protects you from harm!
  7916 | D:9      | Found a hazy altar of Hepliaklqana.
  8849 | D:9      | Noticed Pikel
  8859 | D:9      | Killed Pikel
  8860 | D:9      | Reached XP level 11. HP: 81/94 MP: 12/15
  9005 | D:9      | Reached skill level 10 in Shields
  9005 | D:9      | Reached XP level 12. HP: 101/101 MP: 16/16
  9050 | D:10     | Entered Level 10 of the Dungeon
  9366 | D:10     | Noticed a two-headed ogre
  9372 | D:10     | Noticed a two-headed ogre
  9620 | D:9      | Killed a two-headed ogre
 10278 | D:10     | Identified the +3 flail of Dawn {chaos, *Rage rN++ Dex+4}
 10354 | D:10     | Found a staircase to the Lair.
 10827 | D:11     | Noticed a boulder beetle
 10844 | D:11     | Killed a boulder beetle
 10980 | D:11     | Found a runed translucent gate.
 10980 | D:11     | Found a runed translucent gate.
 10980 | D:11     | Found a runed translucent gate.
 10981 | D:11     | Noticed a 12-headed hydra
 10982 | D:11     | Noticed Vugaxizu's ghost (journeyman GnHs)
 11152 | D:11     | Noticed a two-headed ogre
 11160 | D:11     | Killed a two-headed ogre
 11598 | D:12     | Killed from afar by an orc priest

Illustrated notes

Levels and vault maps discovered:
D:1:      ebering_trefoil_twist, layout_loops_ring, minmay_quantized
D:2:      layout_loops_cross
D:3:      layout_loops_cross, lemuel_doored_altar, serial_shops,
          nicolae_shop_waterfront, uniq_terence
D:4:      layout_rooms, mainiacjoe_overflow_surrounded_room, uniq_eustachio
D:5:      layout_gridville, nicolae_gozag_cash_rules_everything_around_me,
          minmay_pentangle
D:6:      layout_rooms, amcnicky_altar_gilded, led_xom_imps, temple_fountains,
          serial_shops, nicolae_shop_rolling_square, kennysheep_little_box, shop
D:7:      layout_loops_ring, grunt_dithmenos_smoke, minmay_alternating_orb
D:8:      minmay_chambers_of_sevens, layout_rooms,
          mainiacjoe_overflow_concentric_impassable, serial_ice, serial_ice_h,
          serial_ice_b, serial_ice_l, serial_ice_n,
          hellmonk_ghost_happy_afterlife
D:9:      layout_stronghold, nicolae_hepliaklqana_monster_ancestors, uniq_pikel
D:10:     layout_big_octagon, erik_lair_orcish_takeover,
          nicolae_fountain_basement
D:11:     layout_long_grid, gammafunk_ghost_hydra_chop
D:12:     layout_stronghold, david_orc_3, uniq_frances
Temple:   minmay_temple_curvy_branch

Skill      XL: |  1  2  3  4  5  6  7  8  9 10 11 12 |
---------------+-------------------------------------+-----
Long Blades    | 4 5 6 7 8 11 12 13 | 13.4
Fighting       | 4 5 7 9 12 13 | 13.2
Armour         | 1 2 4 6 7 9 |  9.3
Invocations    | 5 7 8 |  8.6
Shields        | 10 | 10.6
Dodging        | |  3.2

Action                     |  1- 3 |  4- 6 |  7- 9 | 10-12 || total
---------------------------+-------+-------+-------+-------++-------
  Melee: Falchion          |    75 |    92 |   111 |       ||   278
         Headbutt          |    13 |    20 |    74 |   116 ||   223
         Long sword        |       |       |   191 |     3 ||   194
         Scimitar          |       |       |       |   371 ||   371
 Invoke: Recite            |       |       |     5 |    12 ||    17
         Vitalisation      |       |       |     4 |    21 ||    25
         Imprison          |       |       |       |     1 ||     1
  Evoke: Wand              |       |       |       |     1 ||     1
    Use: Potion            |     2 |       |       |     3 ||     5
         Scroll            |       |     7 |    11 |    16 ||    34
   Stab: Invisible         |       |       |     1 |       ||     1
         Confused          |       |       |       |     5 ||     5
 Armour: Robe              |    21 |       |       |       ||    21
         Scale mail        |       |    84 |   152 |   164 ||   400
  Dodge: Dodged            |    47 |    84 |   155 |   202 ||   488
